 Dungeon Crawl Stone Soup version 0.29-a0-495-g17b79114eb (webtiles) character file.

Game seed: 6277744385904544123

10885 grumblor the Fighter (level 11, -7/93 HPs)
             Began as a Mummy Fighter on May 27, 2022.
             Was an Initiate of Gozag.
             Killed from afar by an ogre mage (24 damage)
             ... with a bolt of magma
             ... on level 9 of the Dungeon.
             The game lasted 00:30:21 (12557 turns).

grumblor the Fighter (Mummy Fighter)               Turns: 12557, Time: 00:30:22

Health: -7/93      AC: 17    Str: 24    XL:     11   Next: 42%
Magic:  11/11      EV:  7    Int:  7    God:    Gozag
Gold:   1601       SH:  6    Dex: 12    Spells: 10/10 levels left

rFire   . . .      SeeInvis .   C - +1 broad axe (elec)
rCold   + + .      Faith    .   c - +1 buckler
rNeg    + + +      Spirit   .   B - +0 plate armour
rPois   ∞          Reflect  .   h - +1 hat
rElec   .          Harm     .   l - scarf {rC+ rF+}
rCorr   +          Rampage  .   z - +3 pair of gauntlets of War {Slay+5}
Will    ++...                   (no boots)
Stlth   ..........              s - amulet of regeneration
HPRegen 1.05/turn               t - ring of resist corrosion
MPRegen 0.12/turn               w - ring of willpower

@: no status effects
A: cold resistance 1, negative energy resistance 3, torment resistance 2, heat
vulnerability 1, in touch with death 1, no potions
a: Renounce Religion, Potion Petition, Call Merchant, Bribe Branch


You were on level 9 of the Dungeon.
You worshipped Gozag.
Gozag was most pleased with you.
You visited 2 branches of the dungeon, and saw 11 of its levels.
You also visited: Bailey.

You collected 2468 gold pieces.
You spent 763 gold pieces at shops.
You paid 104 gold pieces to Gozag.

Inventory:

Hand Weapons
 a - a +0 war axe
 C - a +1 broad axe of electrocution (weapon)
Missiles
 b - 5 boomerangs
 g - 24 poisoned darts (quivered)
 m - a curare-tipped dart
 n - a boomerang of dispersal
 v - a throwing net
Armour
 c - a +1 buckler (worn)
 h - a +1 hat (worn)
 l - a scarf of resistance (worn)
 p - a +2 pair of gloves of dexterity
 z - the +3 pair of gauntlets of War (worn) {Slay+5}
   (You acquired it in a bailey)

   Slay:      It affects your accuracy & damage with ranged weapons and melee
   (+5).
 B - a +0 plate armour (worn)
Jewellery
 s - an amulet of regeneration (around neck)
 t - a ring of resist corrosion (left hand)
 w - a ring of willpower (right hand)
Wands
 d - a wand of paralysis (10)
 i - a wand of digging (4)
 r - a wand of polymorph (16)
 x - a wand of iceblast (1)
 A - a wand of flame (10)
Scrolls
 e - a scroll of identify
 f - 4 scrolls of enchant armour
 j - 3 scrolls of blinking
 o - 3 scrolls of fog
 q - 7 scrolls of teleportation
 u - 5 scrolls of enchant weapon


   Skills:
 * Level 11.4 Fighting
 + Level 7.0 Axes
 * Level 2.3 Throwing
 + Level 5.6 Armour
 - Level 4.0 Dodging
 + Level 4.7 Shields
 * Level 5.8 Evocations


You had 10 spell levels left.
You didn't know any spells.
Your spell library contained the following spells:

 Spells                   Type           Power      Damage    Failure   Level
 Sting                    Tmut/Pois      0%         1d3       100%        1
 Summon Small Mammal      Summ           0%         N/A       100%        1
 Poisonous Vapours        Pois/Air       0%         N/A       100%        2
 Static Discharge         Conj/Air       0%         N/A       100%        2
 Call Canine Familiar     Summ           0%         N/A       100%        3
 Dazzling Flash           Conj/Hex       0%         N/A       100%        3
 Summon Guardian Golem    Hex/Summ       0%         N/A       100%        3
 Dispel Undead            Necr           0%         3d6       100%        4
 Olgreb's Toxic Radiance  Pois           0%         N/A       100%        4
 Sticky Flame             Conj/Fire      0%         2d3       100%        4
 Agony                    Necr           0%         N/A       100%        5
 Silence                  Hex/Air        0%         N/A       100%        5


Dungeon Overview and Level Annotations

Branches:
Dungeon (10/15)            Temple (1/1) D:4          Bailey (visited)
   Lair: D:8-11         Orc: D:9-12

Altars:
Ashenzari
Cheibriados
Dithmenos
Elyvilon
Fedhas
Gozag
Hepliaklqana
Kikubaaqudgha
Makhleb
Nemelex Xobeh
Okawaru
Qazlal
Ru
Sif Muna
Trog
Uskayaw
Vehumet
Wu Jian
Xom
Yredelemnul
Zin
The Shining One

Shops:
D:1 [=[!   D:4 [

Annotations:
D:4 1 transporter


Innate Abilities, Weirdness & Mutations

You are immune to poison.
Your flesh is cold resistant. (rC+)
You are immune to negative energy. (rN+++)
You are immune to unholy pain and torment.
You are vulnerable to heat. (rF-)
You are in touch with the powers of death.
You do not drink.


Message History

The yak bellows!
The fire elemental hits you. The fire elemental burns you!
* * * LOW HITPOINT WARNING * * *
The yak barely misses you. You block the fire elemental's attack.
The fire elemental hits you. The fire elemental burns you!
* * * LOW HITPOINT WARNING * * *
Blink to where?
Press: ? - help, Dir - move target An ogre mage comes into view.
It is wielding a +0 flail.
As you read the scroll of blinking, it crumbles to dust.
The ogre mage shouts!
The five-headed hydra roars!
You hear a roar!
You hear an angry hiss.
As you read the scroll of fear, it crumbles to dust.
You assume a fearsome visage.
The fire elemental is unaffected. x2
The deep elf pyromancer looks frightened!
The ogre mage easily resists.
The five-headed hydra looks frightened!
The yak looks frightened!
The fire elemental is unaffected.
The kobold demonologist looks frightened!
The yak looks frightened!
The deep elf pyromancer casts a spell.
The deep elf pyromancer blinks!
Unknown command.
Aiming: Paralyse
Press: ? - help, Shift-Dir - straight line, f - ogre mage
Aim: an ogre mage, wielding a +0 flail and wearing a +0 robe (chance to affect: 15%)
Okay, then.
The ogre mage hits you but does no damage.
The basilisk gazes at you. You resist with almost no effort.
An eight-headed hydra comes into view.
The ogre mage barely misses you.
There is a stone staircase leading up here.
You climb upwards.
There is a stone staircase leading down here.
You hit the ogre mage.
The ogre mage is lightly wounded.
The ogre mage points at you and mumbles some strange words.
The bolt of magma hits you!!
You die...
Your body crumbles into a pile of gold.

............#
............#
.<..........#
....#########
....######
####.....# #.....#
####.....#########
......!..'.....O@#
.........#########
.........#
.........#
.......###
.......# .......#
#....### #....#


You could see an ogre mage.

Vanquished Creatures
  2 two-headed ogres
  An orc sorcerer (Bailey)
  An orc knight (Bailey)
  Maggie (D:10)
  A kobold demonologist (Bailey)
  A troll (D:10)
  3 hornets
  Grinder (D:6)
  Sigmund (D:3)
  A wraith (D:10)
  9 yaks (D:10)
  A steam dragon (D:9)
  Edmund (D:6)
  An acid dragon (D:10)
  2 water moccasins
  10 orc warriors
  3 ice beasts
  A sky beast (D:6)
  A black bear (D:5)
  2 ogres
  3 kobold brigands
  3 bullfrogs
  2 gnoll sergeants
  A necrophage (D:6)
  5 scorpions
  3 wights (D:7)
  15 killer bees
  6 howler monkeys
  5 electric eels (Bailey)
  A gnoll shaman (D:5)
  6 hounds
  2 jellies (D:4)
  11 orc priests
  5 iguanas
  Ijyb (D:3)
  12 orc wizards
  Natasha (thrice) (D:3)
  22 gnolls
  7 adders
  2 white imps
  A worm (D:4)
  6 dart slugs
  38 orcs
  4 bats
  A bat zombie (D:6)
  6 endoplasms
  4 giant cockroaches
  13 goblins
  18 hobgoblins
  3 jackals (D:4)
  18 kobolds
  6 quokkas
  5 ball pythons
  2 frilled lizards
  12 rats
  3 rat zombies (D:6)
299 creatures vanquished.

Vanquished Creatures (others)
  An orc (D:9)
  16 fungi
  3 toadstools (D:7)
20 creatures vanquished.

Grand Total: 319 creatures vanquished

Notes
Turn   | Place    | Note
-------+----------+-------------------------------------------
     0 | D:1      | grumblor the Mummy Fighter began the quest for the Orb.
     0 | D:1      | Reached XP level 1. HP: 18/18 MP: 1/1
    92 | D:1      | Found a faded altar of an unknown god.
   137 | D:1      | Reached XP level 2. HP: 22/24 MP: 2/2
   337 | D:1      | Found Kopsuith's Distillery.
   468 | D:1      | Found Izxem's Antique Armour Emporium.
   533 | D:1      | Found Usautor's Jewellery Boutique.
   725 | D:1      | Found Ykkema Gaan's Antique Armour Shop.
   954 | D:2      | Gained mutation: You are in touch with the powers of death.
                  | [Mummy growth]
   954 | D:2      | Reached XP level 3. HP: 29/30 MP: 3/3
   986 | D:2      | Reached skill level 4 in Fighting
  1280 | D:2      | Reached XP level 4. HP: 30/37 MP: 4/4
  1979 | D:3      | Reached skill level 1 in Evocations
  1979 | D:3      | Reached XP level 5. HP: 29/43 MP: 5/5
  2124 | D:3      | Noticed Ijyb
  2137 | D:3      | Killed Ijyb
  2138 | D:3      | Reached skill level 1 in Dodging
  2375 | D:3      | Noticed Sigmund
  2386 | D:3      | Killed Sigmund
  2387 | D:3      | Reached skill level 1 in Throwing
  2387 | D:3      | Reached XP level 6. HP: 30/49 MP: 6/6
  2387 | D:3      | Noticed Natasha
  2393 | D:3      | Killed Natasha
  3312 | D:3      | Noticed Natasha
  3323 | D:3      | Killed Natasha
  3596 | D:3      | Noticed Natasha
  3606 | D:3      | Killed Natasha
  3693 | D:4      | Found a staircase to the Ecumenical Temple.
  3708 | D:4      | Reached XP level 7. HP: 22/55 MP: 7/7
  3711 | Temple   | Entered the Ecumenical Temple
  3931 | Temple   | Became a worshipper of Gozag Ym Sagoz the Greedy
  4256 | D:4      | Reached skill level 5 in Fighting
  4681 | D:1      | Bought a runed scarf for 216 gold pieces
  5153 | D:4      | Found a sparkling altar of Nemelex Xobeh.
  5153 | D:4      | Found a transporter.
  5182 | D:4      | Found Itennib Zehe's Antique Armour Shoppe.
  5743 | D:4      | Bought a pair of embroidered gloves for 217 gold pieces
  5756 | D:5      | Entered Level 5 of the Dungeon
  5788 | D:5      | Reached XP level 8. HP: 30/63 MP: 8/8
  5949 | D:5      | Found a shimmering blue altar of Sif Muna.
  6367 | D:5      | Reached skill level 6 in Fighting
  7236 | D:5      | Found a stormy altar of Qazlal.
  7369 | D:6      | Reached skill level 7 in Fighting
  7556 | D:6      | Noticed Edmund
  7574 | D:6      | Reached XP level 9. HP: 58/73 MP: 9/9
  7579 | D:6      | Killed Edmund
  7580 | D:6      | Reached skill level 8 in Fighting
  7708 | D:1      | Bought an amulet of regeneration for 330 gold pieces
  7898 | D:6      | Noticed Grinder
  7912 | D:6      | Killed Grinder
  7913 | D:6      | Reached skill level 9 in Fighting
  8159 | D:6      | Found an ancient bone altar of Kikubaaqudgha.
  8458 | D:7      | Reached skill level 10 in Fighting
  8594 | D:7      | Found a blossoming altar of Fedhas.
  8676 | D:7      | Found a broken altar of Ashenzari.
  9764 | D:8      | Reached XP level 10. HP: 65/86 MP: 10/10
 10102 | D:8      | Found an iron altar of Okawaru.
 10298 | D:9      | Found a burning altar of Makhleb.
 10355 | D:9      | Reached skill level 5 in Axes
 10368 | D:9      | Noticed a two-headed ogre
 10385 | D:9      | Found a flagged portal.
 10406 | D:9      | Killed a two-headed ogre
 10459 | Bailey   | Entered a bailey
 10654 | Bailey   | Noticed an orc knight
 10666 | Bailey   | Killed an orc knight
 10667 | Bailey   | Reached skill level 5 in Evocations
 11028 | Bailey   | Acquired the +3 pair of gauntlets of War {Slay+5}
 11028 | Bailey   | Found the +3 pair of gauntlets of War {Slay+5}
 11085 | Bailey   | Reached skill level 5 in Armour
 11209 | Bailey   | Noticed an orc sorcerer
 11211 | Bailey   | Noticed a smoke demon
 11216 | Bailey   | Killed an orc sorcerer
 11217 | Bailey   | Reached skill level 11 in Fighting
 11218 | Bailey   | Found an iron altar of Okawaru.
 11572 | D:9      | Found an ornate altar of the Wu Jian Council.
 11650 | D:9      | Reached XP level 11. HP: 56/93 MP: 11/11
 12039 | D:10     | Entered Level 10 of the Dungeon
 12187 | D:10     | Found a bloodstained altar of Trog.
 12450 | D:10     | Noticed Maggie
 12460 | D:10     | Killed Maggie
 12487 | D:10     | Noticed a two-headed ogre
 12500 | D:10     | Killed a two-headed ogre
 12500 | D:10     | Noticed a five-headed hydra
 12520 | D:10     | Noticed a death knight
 12530 | D:10     | Noticed a deep elf pyromancer
 12551 | D:10     | Noticed an ogre mage
 12553 | D:10     | Noticed an eight-headed hydra
 12557 | D:9      | Killed from afar by an ogre mage

Illustrated notes

Levels and vault maps discovered:
D:1:      dpeg_arrival_prison, layout_loops_cross,
          shapermc_ecumenical_altar_acropolis, serial_shops,
          nicolae_shop_behind_doors, nicolae_shop_waterfront,
          nicolae_shop_trees, shop, minivault_23, st_stairs_3
D:2:      minmay_general_purpose_star, layout_basic, st_stairs_9
D:3:      layout_rooms, uniq_ijyb, uniq_natasha, uniq_sigmund
D:4:      layout_loops_ring, grunt_nemelex_the_gamble, minmay_temple_entry_tees,
          serial_shops, nicolae_stop_n_shop_2, roderic_nine_men_s_morris,
          due_unseen_surprise
D:5:      layout_loops_ring, old_standard_altar, mainiacjoe_overflow_alcove_2
D:6:      nicolae_cairo_tiling_large_dashed, layout_rooms,
          lemuel_zombie_altar_kikubaaqudgha, grunt_ministairs_4,
          dreamdust_wishing_well, uniq_grinder, uniq_edmund
D:7:      layout_basic, fedhas_altar_2, ashenzari_altar_1, minivault_22,
          minmay_gold_behind_fungi
D:8:      layout_basic, lemuel_tele_altar, mainiacjoe_overflow_boulevard
D:9:      layout_basic, lemuel_crystal_altar,
          mainiacjoe_overflow_small_starburst, enter_bailey_5,
          serial_park_tiny_pond
D:10:     minmay_the_grid_square_5x5_4x4
          [minmay_the_grid_square_5x5_checkered_statues,
          minmay_the_grid_square_5x5_v, minmay_the_grid_square_5x5_minimal,
          minmay_the_grid_square_5x5_comb, minmay_the_grid_square_5x5_bridge,
          minmay_the_grid_square_5x5_prize_gold,
          minmay_the_grid_square_5x5_prize_monsterx,
          minmay_the_grid_square_5x5_two, minmay_the_grid_square_5x5_hourglass,
          minmay_the_grid_square_5x5_prize_snowflake,
          minmay_the_grid_square_5x5_prize_waves,
          minmay_the_grid_square_5x5_trominoes,
          minmay_the_grid_square_5x5_inverted_slash,
          minmay_the_grid_square_5x5_minivault,
          minmay_the_grid_square_5x5_six_small,
          minmay_the_grid_square_5x5_inner_v], layout_layer_cave, zin_treasury,
          bloody_trog, kennysheep_diamond, uniq_nergalle, uniq_maggie
Temple:   cyrus_temple_forest

Skill      XL: |  1  2  3  4  5  6  7  8  9 10 11 |
---------------+----------------------------------+-----
Axes           | 2 3 4 6 7 |  7.0
Fighting       | 4 5 7 10 11 | 11.4
Evocations     | 1 2 3 4 5 |  5.8
Dodging        | 1 2 3 4 |  4.0
Throwing       | 1 2 |  2.3
Armour         | 3 4 5 |  5.6
Shields        | 3 4 |  4.7

Action                   |  1- 3 |  4- 6 |  7- 9 | 10-12 || total
-------------------------+-------+-------+-------+-------++-------
Melee: War axe           |   113 |   104 |   500 |   144 ||   861
       Hand axe          |       |       |       |   160 ||   160
       Broad axe         |       |       |       |    23 ||    23
Throw: Dart              |       |    11 |    21 |    21 ||    53
       Boomerang         |       |       |       |    23 ||    23
Evoke: Wand              |       |       |     5 |    14 ||    19
  Use: Scroll            |     2 |     2 |     3 |     8 ||    15
 Stab: Distracted        |       |       |     1 |     2 ||     3
       Paralysed         |       |       |       |    10 ||    10
Armor: Scale mail        |    52 |    38 |    55 |       ||   145
       Chain mail        |       |       |   289 |    97 ||   386
       Plate armour      |       |       |       |    68 ||    68
Dodge: Dodged            |    62 |    56 |   261 |   130 ||   509
Block: Buckler           |    25 |    33 |   204 |   105 ||   367

Table legend: (Time is in decaauts)
 A = Elapsed time spent in this place.
 B = Non-inter-level travel time spent in this place.
 C = Inter-level travel time spent in this place.
 D = Time resting spent in this place.
 E = Time spent auto-exploring this place.
 F = Levels seen in this place.
 G = Mean time per level.
                   A        B        C        D        E       F      G
               +--------+--------+--------+--------+--------+-----+--------+
         Total |  12890 |  11808 |   1082 |   2569 |   6098 |  12 | 1074.2 |
       Dungeon |  11587 |  10546 |   1041 |   2103 |   5744 |  10 | 1158.7 |
        Temple |    261 |    220 |     41 |      0 |    206 |   1 |  261.0 |
        Bailey |   1041 |   1041 |      0 |    466 |    147 |   1 | 1041.0 |
               +--------+--------+--------+--------+--------+-----+--------+

Top non-repeatable levels by time:
     D:3: 2042 daAuts
     D:4: 1830 daAuts
     D:5: 1675 daAuts
     D:7: 1549 daAuts
     D:1: 1061 daAuts
  Bailey: 1041 daAuts
     D:2: 856 daAuts
     D:9: 814 daAuts
     D:6: 696 daAuts
     D:8: 538 daAuts
    D:10: 522 daAuts
  Temple: 261 daAuts
